AoeStats
← 无套干炮

Arabia

508295761Analyzed
1v1 RM · 12d ago on Sep 21, 2026· 28m 15s· 2 players
Game mode
Random Map
Map size
Tiny (2 player)
Population
200
Speed
Normal
Resources
Standard
Victory
Conquest
Starting age
Dark Age
Ending age
Imperial Age
RankedLock teamsTeams togetherTeam positionsShared explorationLock speedFull tech treeHidden civsTurbo modeCheats
Victory
Defeat
🇦🇷 Saracens · Argentina
778
+15
🇨🇳 Huns · China
748
-15
无套干炮
10:53 Loom
12:39 Feudal Age
19:51 Bloodlines
21:56 Scale Barding Armor
22:02 Forging
23:00 Double-Bit Axe
23:01 Horse Collar
23:16 Gold Mining
28:52 Castle Age
28:22 Fletching
Marcx
6:10 Loom
10:57 Feudal Age
11:30 Double-Bit Axe
11:26 Horse Collar
15:02 Wheelbarrow
17:35 Gold Mining
19:17 Fletching
20:50 Padded Archer Armor
24:36 Castle Age
24:39 Crossbowman
25:43 Leather Archer Armor
26:23 Bow Saw
Connection lost

Rejoining the realm…

Still unreachable

The connection could not be restored.

Session expired

The server has moved on; the page needs a fresh start.